 Dungeon Crawl Stone Soup version 0.19.5 (webtiles) character file.

95 NullDivider the Ducker (level 4, 0/22 HPs)
             Began as a Felid Monk on Apr 21, 2017.
             Slain by an ogre
             ... wielding a +0 giant spiked club
              (14 damage)
             ... on level 4 of the Dungeon.
             The game lasted 00:16:53 (4360 turns).

NullDivider the Ducker (Felid Monk)                 Turns: 4360, Time: 00:16:53

Health: 0/22       AC:  1    Str:  7    XL:     4   Next: 39%
Magic:  5/5        EV: 22    Int: 11    God:
Gold:   143        SH:  0    Dex: 19    Spells: 0 memorised, 3 levels left
                                        Lives:  0   Deaths: 1

rFire  . . .     SeeInvis +       - Unarmed
rCold  . . .     Gourm    .     (armour unavailable)
rNeg   . . .     Faith    .     (shield unavailable)
rPois  .         Spirit   .     (helmet unavailable)
rElec  .         Reflect  .     (cloak unavailable)
rCorr  .         Harm     .     (gloves unavailable)
MR     .....                    (boots unavailable)
Stlth  +++.......               (no amulet)
                                (no ring)
                                (no ring)

@: lethally poisoned (0 -> -3), quick
A: no armour, no weapons or thrown items, stealth, claws 1, fangs 3, see
invisible, carnivore 3, speed 1, shaggy fur 1, slow metabolism 1, sharp paws
a: no special abilities


You were on level 4 of the Dungeon.
You were not hungry.

You visited 1 branch of the dungeon, and saw 4 of its levels.

You collected 143 gold pieces.

Inventory:

Scrolls
 c - 3 scrolls of identify
 d - 3 scrolls of remove curse {unknown}
 h - a scroll of immolation {unknown}
 i - a scroll of magic mapping {unknown}
 k - a scroll of fear {unknown}
 l - a scroll of fog {unknown}
 n - a scroll of enchant weapon {unknown}
Potions
 e - a potion of might {unknown}
 f - a potion of beneficial mutation {unknown}
 g - a potion of mutation {unknown}
 j - a potion of magic {unknown}
 m - a potion of lignification {unknown}
 o - 3 potions of heal wounds
 p - a potion of degeneration {unknown}
Comestibles
 a - 4 meat rations
 b - 3 beef jerkies


   Skills:
 + Level 3.9 Fighting
 * Level 5.6 Dodging
 + Level 4.2 Stealth
 + Level 3.7 Unarmed Combat


You had 3 spell levels left.
You didn't know any spells.

Dungeon Overview and Level Annotations

Branches:
Dungeon (4/15)
 Temple: D:4-7

Altars:

Annotations:
D:3 AAAAA's ghost, amateur NaEn; Grinder


Innate Abilities, Weirdness & Mutations

You cannot wear armour.
You are incapable of wielding weapons or throwing items.
Your paws allow you to move quietly. (Stealth)
You have sharp claws.
You have razor-sharp teeth.
You have supernaturally acute eyesight. (SInv)
You are carnivorous and can eat meat at any time.
You cover ground quickly.
You are covered in fur. (AC +1)
You have a slow metabolism.
Your sharp claws are effective at attacking unaware monsters.


Message History

You barely miss the adder.
The adder is severely wounded.
The adder barely misses you.
You miss the adder. You bite the adder.
The adder is almost dead.
You feel sick. The adder closely misses you.
You completely miss the adder.
The adder is almost dead.
The adder closely misses you.
You barely miss the adder. You bite the adder, but do no damage.
The adder is almost dead.
The adder completely misses you.
You scratch the adder.
You kill the adder!
You scratch the ogre.
The ogre is lightly wounded.
You feel sick.
The ogre hits you with a giant spiked club!
Ouch! That really hurt!
You die...

####.# . #....# ..
#.##.#
...#####.##.#####
................
##
####.......###.#
...$###.%.....#
.........###......
...###@## #.##..
##O# ... .. #..#
.##. # #.......#
.# . ####.##>.# #.
#... .. #### #. #.


You could see an ogre.

Vanquished Creatures
  A hound skeleton (D:4)
  3 adders
  2 oozes
  3 worms
  A dart slug (D:1)
  3 leopard geckos
  An orc (D:3)
  3 giant cockroaches (D:2)
  9 goblins
  7 hobgoblins
  19 jackals
  10 kobolds
  3 quokkas
  10 bats
  5 frilled lizards
  9 rats
89 creatures vanquished.

Notes
Turn   | Place    | Note
-------+----------+-------------------------------------------
     0 | D:1      | NullDivider the Felid Monk began the quest for the Orb.
     0 | D:1      | Reached XP level 1. HP: 10/10 MP: 2/2
   178 | D:1      | Reached XP level 2. HP: 6/14 MP: 3/3
   919 | D:1      | Reached XP level 3. HP: 17/17 MP: 4/4
  1944 | D:2      | Reached XP level 4. HP: 21/21 MP: 5/5
  2077 | D:2      | Reached skill level 5 in Dodging
  3019 | D:3      | Slain by a kobold
  3020 | D:3      | Reached XP level 3. HP: -1/18 MP: 4/4
  3285 | D:3      | Reached XP level 4. HP: 22/22 MP: 5/5
  3404 | D:3      | Noticed Grinder
  3405 | D:3      | Noticed AAAAA's ghost (amateur NaEn)
  4342 | D:4      | Noticed an ogre
  4360 | D:4      | Slain by an ogre

Skill      XL: |  1  2  3  4 |
---------------+-------------+-----
Stealth        | 3 4 |  4.2
Dodging        | 5 |  5.6
Fighting       | |  3.9
Unarmed Combat | |  3.7

Action                   |  1- 3 |  4- 6 || total
-------------------------+-------+-------++-------
Melee: Unarmed           |   128 |   124 ||   252
       Bite              |    10 |     8 ||    18
       Punch             |     3 |     2 ||     5
  Use: Scroll            |       |     1 ||     1
 Stab: Sleeping          |    16 |    10 ||    26
  Eat: Chunk             |     9 |     2 ||    11
Armor: Skin              |     7 |     3 ||    10
Dodge: Dodged            |    78 |    99 ||   177
